 Dungeon Crawl Stone Soup version 0.29.1-12-g30fa7ad0bf (webtiles) character file.

Game seed: 6728978186189096046

74 soggyman666 the Magician (level 4, -1/31 HPs)
             Began as a Djinni Fire Elementalist on Dec 14, 2022.
             Slain by a hound (5 damage)
             ... on level 4 of the Dungeon.
             The game lasted 00:05:21 (3259 turns).

soggyman666 the Magician (Djinni Fire Elementalist) Turns: 3259, Time: 00:05:22

Health: -1/31      AC:  3    Str:  7    XL:     4   Next: 52%
Gold:   916        EV: 12    Int: 18    God:
                   SH:  0    Dex: 14

rFire   + + +      SeeInvis +   (no weapon)
rCold   x . .      Faith    .   (no shield)
rNeg    . . .      Spirit   .   a - +0 robe
rPois   ∞          Reflect  .   (no helmet)
rElec   .          Harm     .   p - +0 cloak
rCorr   .          Rampage  .   (no gloves)
Will    .....                   (boots unavailable)
Stlth   ++........              (no amulet)
HPRegen 0.10/turn               d - ring of protection from fire
MPRegen 0.00/turn               g - ring of see invisible

@: flying
A: sickness immunity, fire resistance 2, cold vulnerability 1, float, innate
caster, HP casting, extra vitality 1
a: no special abilities


You were on level 4 of the Dungeon.
You visited 1 branch of the dungeon, and saw 5 of its levels.

You collected 916 gold pieces.

Inventory:

Armour
 a - a +0 robe (worn)
 p - a +0 cloak (worn)
Jewellery
 d - a ring of protection from fire (left hand)
 g - a ring of see invisible (right hand)
 i - the ring of the Hare {EV+8}
   (You found it on level 2 of the Dungeon)

   [ring of evasion]

   EV:        It affects your evasion (+8).
Scrolls
 l - a scroll of teleportation
Potions
 b - a potion of might {unknown}
 c - 2 potions of heal wounds {unknown}
 e - a potion of attraction {unknown}
 f - 2 potions of curing {unknown}
 h - 2 potions of flight {unknown}
 j - a potion of cancellation {unknown}
 k - a potion of lignification {unknown}
 m - 2 potions of brilliance {unknown}
 o - 2 potions of degeneration {unknown}


   Skills:
 + Level 2.4 Dodging
 + Level 2.0 Stealth
 + Level 3.6 Spellcasting


You couldn't memorise any spells.
You knew the following spells:

 Your Spells              Type           Power      Damage    Failure   Level
a - Foxfire               Conj/Fire      64%        2x1d7     3%          1
b - Scorch                Fire           32%        2d7       5%          2
c - Conjure Flame         Conj/Fire      16%        6-21      11%         3
d - Inner Flame           Hex/Fire       16%        N/A       11%         3
e - Flame Wave            Conj/Fire      16%        2d7       34%         4
f - Freeze                Ice            64%        1d8       3%          1
Your spell library was empty.

Dungeon Overview and Level Annotations

Branches:
Dungeon (5/15)
 Temple: D:4-7

Altars:
Ru
Trog


Innate Abilities, Weirdness & Mutations

You are immune to sickness and miasma.
You are immune to poison.
Your flesh is very heat resistant. (rF++)
You are vulnerable to cold. (rC-)
You float through the air rather than walking.
You learn spells naturally, not from books.
Your magical power is your life essence.
You have superior vitality. (+4 MHP)


Message History

You struggle against the net.
The gnoll shouts!
You struggle against the net.
You struggle against the net.
The gnoll hits you with a +0 whip!
You shred the net and break free! The gnoll barely misses you.
The gnoll hits you from afar with a +0 halberd!
* * * LOW HITPOINT WARNING * * *
The gnoll attacks as you move away! The gnoll closely misses you.
The gnoll attacks as you move away! The gnoll hits you with a +0 whip.
* * * LOW HITPOINT WARNING * * *
There is a stone staircase leading up here.
The gnoll barely misses you. x2
You fly upwards.
Found 11 gold pieces, a scroll of identify and a scroll labelled YLAMUI AFAYN.
There is a stone staircase leading down here.
You are too injured to fight recklessly!
You are too injured to fight recklessly!
You are too injured to fight recklessly!
Casting: Foxfire (safe; 3% risk of failure)
Confirm with . or Enter, or press ? or * to list all spells.
Flames lash the gnoll.
You kill the gnoll!
* * * LOW HITPOINT WARNING * * *
You hear a bark!
You hear a shout!
Your Stealth skill increases to level 2!
You start resting.
A kobold comes into view. It is wielding a +0 dagger.
A hound comes into view.
Unknown command.
Unknown command.
Found a leather armour.
Found a bloodstained altar of Trog.
The hound barks!
The kobold throws a stone.
The stone hits you.
* * * LOW HITPOINT WARNING * * *
Found 13 gold pieces.
The kobold throws a stone.
The stone hits you.
* * * LOW HITPOINT WARNING * * *
The kobold throws a stone.
The stone misses you. The hound attacks as you move away!
The hound bites you but does no damage. The hound bites you.
You die...

#.......#
.#.......#
.........#
........$#
........# #.[....#
.. #.#......#
..### ........@#
..._ ##.#...h#
#..### ##....#
.....#
#.....##8..8##.
#..............
##......).....$.
........>........
.........K##......
........... ##.##.


You could see a hound and a kobold.

Vanquished Creatures
  2 gnolls
  An adder (D:3)
  A worm (D:2)
  3 dart slugs (D:1)
  A ball python (D:1)
  6 endoplasms
  2 goblins
  4 hobgoblins
  4 kobolds (D:1)
  2 quokkas
  3 bats
  3 frilled lizards
  3 rats
35 creatures vanquished.

Vanquished Creatures (others)
  201 foxfires
201 creatures vanquished.

Grand Total: 236 creatures vanquished

Notes
Turn   | Place    | Note
-------+----------+-------------------------------------------
     0 | D:1      | soggyman666 the Djinni Fire Elementalist began the quest
                  | for the Orb.
     0 | D:1      | soggyman666 set off with the following spells memorised:
                  | Foxfire, Scorch, Conjure Flame, Inner Flame, Flame Wave.
     0 | D:1      | Reached XP level 1. HP: 15/15 MP: 0/0
   487 | D:1      | Reached XP level 2. HP: 14/21 MP: 0/0
   870 | D:1      | Reached skill level 3 in Spellcasting
  1047 | D:1      | Reached XP level 3. HP: 20/25 MP: 0/0
  1047 | D:1      | Learned a level 1 spell: Freeze
  1338 | D:1      | Found a faded altar of an unknown god.
  1791 | D:2      | Found the ring of the Hare {EV+8}
  2464 | D:3      | Reached XP level 4. HP: 27/31 MP: 0/0
  2657 | D:3      | Identified a scroll of acquirement
  2659 | D:3      | Acquired 727 gold pieces
  2935 | D:3      | Found a sacrificial altar of Ru.
  3181 | D:4      | You are sucked into a shaft and drop 1 floor!
  3181 | D:5      | Entered Level 5 of the Dungeon
  3254 | D:4      | Found a bloodstained altar of Trog.
  3259 | D:4      | Slain by a hound

Illustrated notes

Levels and vault maps discovered:
D:1:      lightli_arrival_noodles, layout_basic,
          hellmonk_ecumenical_altar_inner_sanctum
D:2:      layout_basic
D:3:      layout_basic, nicolae_overflow_hidden_temple
D:4:      layout_cave_pools, kennysheep_mini, minitemple, kennysheep_mini_moat,
          grunt_decor_mini_mirrors, feat_on_display
D:5:      layout_loops_ring, minivault_5, nicolae_titane

Skill      XL: |  1  2  3  4 |
---------------+-------------+-----
Spellcasting   | 3 |  3.6
Stealth        | 2 |  2.0
Dodging        | |  2.4

Action                   |  1- 3 |  4- 6 || total
-------------------------+-------+-------++-------
 Cast: Foxfire           |    88 |    35 ||   123
       Scorch            |     6 |     1 ||     7
  Use: Scroll            |     2 |     4 ||     6
Armor: Robe              |     2 |     1 ||     3
Dodge: Dodged            |     9 |     5 ||    14
